 Dungeon Crawl Stone Soup version 0.26.1-11-gd32895ea62 (webtiles) character file.

Game seed: 650446057073630226

71 Zeld the Sneak (level 4, -1/29 HPs)
             Began as an Octopode Brigand on May 14, 2021.
             Killed by nerve-wracking pain
             ... invoked by an orc priest
              (12 damage)
             ... on level 3 of the Dungeon.
             The game lasted 00:01:16 (2201 turns).

Zeld the Sneak (Octopode Brigand)                   Turns: 2201, Time: 00:01:16

Health: -1/29      AC:  1    Str: 11    XL:     4   Next: 24%
Magic:  6/6        EV: 13    Int: 13    God:
Gold:   126        SH:  0    Dex: 13    Spells: 6/6 levels left

rFire    . . .     SeeInvis .   a - +2 dagger
rCold    . . .     Faith    .   (no shield)
rNeg     . . .     Spirit   .   (helmet restricted)
rPois    .         Reflect  .   (no amulet)
rElec    .         Harm     .   (no ring)
rCorr    .         Rampage  .   (no ring)
Will     .....                  (no ring)
Stlth    ++++......             (no ring)
HPRegen  0.09/turn              (no ring)
MPRegen  0.10/turn              (no ring)
                                (no ring)
                                (no ring)

@: no status effects
A: almost no armour, stealthy swim, amphibious, 8 rings, constrict 8, camouflage
1, gelatinous body 1
a: no special abilities


You were on level 3 of the Dungeon.
You visited 1 branch of the dungeon, and saw 3 of its levels.

You collected 126 gold pieces.

Inventory:

Hand Weapons
 a - a +2 dagger (weapon)
Missiles
 b - 8 poisoned darts (quivered)
 c - 2 curare-tipped darts
Jewellery
 k - a cursed -4 ring of protection {unknown}
Scrolls
 f - a scroll of enchant armour {unknown}
 j - a scroll of enchant weapon {unknown}
 l - 3 scrolls of identify {unknown}
 m - a scroll of remove curse {unknown}
 n - a scroll of magic mapping {unknown}
 o - a scroll of amnesia {unknown}
Potions
 d - a potion of curing {unknown}
 e - 2 potions of flight {unknown}
 g - a potion of attraction {unknown}
 h - 2 potions of haste {unknown}
 i - a potion of degeneration {unknown}


   Skills:
 - Level 2.0 Fighting
 * Level 3.8 Short Blades
 - Level 2.0 Throwing
 - Level 1.0 Dodging
 - Level 5.3 Stealth
 + Level 1.6 Spellcasting


You had 6 spell levels left.
You didn't know any spells.
Your spell library was empty.

Dungeon Overview and Level Annotations

Branches:
Dungeon (3/15)

Altars:


Innate Abilities, Weirdness & Mutations

You cannot wear most types of armour.
You are very stealthy in the water. (Stealth+)
You are amphibious.
You can wear up to eight rings at the same time.
You can use your tentacles to constrict eight enemies at once.
Your skin changes colour to match your surroundings (Stealth+).
Your rubbery body absorbs attacks. (AC +1, EV +1)


Message History

An orc is nearby!
Found 13 gold pieces.
A frilled lizard comes into view.
A rat and an orc priest come into view.
The orc priest shouts!
You hear a shout!
The frilled lizard hisses angrily.
An adder comes into view.
An orc comes into view.
The orc shouts!
Found a scroll labelled ASECVE FAWEORGH.
Found a stone staircase leading up.
A bat comes into view.
The orc throws a stone.
The stone hits you. The orc priest closely misses you.
You see here a stone.
You hit the orc priest. Your grab misses the orc priest.
The orc priest is lightly wounded.
You see here 21 bolts.
The orc priest mumbles some strange prayers to Beogh against you.
Beogh smites you!
The orc priest mumbles some strange prayers to Beogh against you.
Pain shoots through your body!
You die...

#$.##.##..............
#.....##.#............
###..#..#...............
.....o.(...)............
......Sor.###...........
##.....#o####...........
#......#..#...##.######
...##.......###..#
.#...<.....@..).##
......>.......#
.##.#......<..#
#.#?.#.........# ...
#.........# .#
...........#
.##..........
#######..... .......


You could see an orc priest, an adder, 2 orcs and a rat.

Vanquished Creatures
  3 adders (D:2)
  A worm (D:2)
  A dart slug (D:2)
  2 bats
  2 giant cockroaches
  3 goblins
  9 hobgoblins
  2 jackals (D:2)
  3 kobolds
  4 frilled lizards (D:1)
  7 rats
37 creatures vanquished.

Notes
Turn   | Place    | Note
-------+----------+-------------------------------------------
     0 | D:1      | Zeld the Octopode Brigand began the quest for the Orb.
     0 | D:1      | Reached XP level 1. HP: 14/14 MP: 1/1
   137 | D:1      | Reached XP level 2. HP: 7/19 MP: 2/2
   475 | D:1      | Reached skill level 1 in Spellcasting
   876 | D:2      | Reached XP level 3. HP: 6/24 MP: 4/4
  1981 | D:2      | Reached XP level 4. HP: 29/29 MP: 6/6
  2201 | D:3      | Killed from afar by an orc priest

Illustrated notes

Levels and vault maps discovered:
D:1:      eino_arrival_tree_alley, layout_basic, minivault_24, minmay_liquid_box
D:2:      layout_basic
D:3:      layout_rooms, marbit_many_paths

Skill      XL: |  1  2 |
---------------+-------+-----
Spellcasting   | 1 |  1.6
Short Blades   | 3 |  3.8
Fighting       | |  2.0
Throwing       | |  2.0
Dodging        | |  1.0
Stealth        | |  5.3

Action                   |  1- 3 |  4- 6 || total
-------------------------+-------+-------++-------
Melee: Dagger            |    71 |     8 ||    79
       Constrict         |    12 |     2 ||    14
       Tentacles         |     3 |     1 ||     4
 Stab: Sleeping          |     8 |     3 ||    11
Armor: Skin              |     3 |       ||     3
Dodge: Dodged            |    37 |     1 ||    38
